AoeStats
← KangourouGarou

Migration

509631350Analyzed
1v1 RM · 3d ago on Sep 27, 2026· 33m 34s· 2 players
Game mode
Random Map
Map size
132×132
Population
200
Speed
Normal
Resources
Standard
Victory
Conquest
Starting age
Dark Age
Ending age
Imperial Age
RankedLock teamsTeams togetherTeam positionsShared explorationLock speedFull tech treeHidden civsTurbo modeCheats
Victory
Defeat
🇫🇷 Varangians · France
741
+31
🇺🇸 Goths · United States
783
-42
KangourouGarou
9:44 Feudal Age
10:15 Double-Bit Axe
10:53 Fishing Lines
15:21 Wheelbarrow
18:08 Gold Mining
18:18 Stone Mining
18:29 Fletching
22:38 Castle Age
24:00 Gillnets
24:26 Bow Saw
24:15 Bodkin Arrow
25:03 Hand Cart
24:38 Loom
25:11 Hand Cart
27:20 Stone Shaft Mining
33:26 Imperial Age
34:21 Careening
Ayyaahh
11:17 Feudal Age
12:36 Wheelbarrow
11:48 Double-Bit Axe
11:52 Horse Collar
12:49 Fishing Lines
16:37 Gold Mining
23:21 Castle Age
21:42 Bloodlines
24:16 Bow Saw
24:24 Hand Cart
23:57 Loom
31:37 Forging
31:33 Scale Barding Armor
Connection lost

Rejoining the realm…

Still unreachable

The connection could not be restored.

Session expired

The server has moved on; the page needs a fresh start.